 Dungeon Crawl Stone Soup version 0.19.0-22-gd96e5fe (webtiles) character file.

790 dobroeutro the Archer (level 7, -3/55 HPs)
             Began as a Centaur Hunter on Nov 18, 2016.
             Was a Follower of Okawaru.
             Killed from afar by a crimson imp (19 damage)
             ... with a wand of lightning
             ... on level 5 of the Dungeon.
             The game lasted 00:08:03 (5917 turns).

dobroeutro the Archer (Centaur Hunter)              Turns: 5917, Time: 00:08:04

Health: -3/55      AC:  8    Str: 15    XL:     7   Next: 57%
Magic:  7/7        EV:  2    Int: 10    God:    Okawaru [*.....]
Gold:   229        SH:  0    Dex: 11    Spells: 0 memorised, 6 levels left

rFire  . . .     SeeInvis .     c - +0 quarterstaff
rCold  . . .     Gourm    +     l - +0 plate armour
rNeg   . . .     Faith    .     (shield currently unavailable)
rPois  .         Spirit   .     (no helmet)
rElec  .         Reflect  .     (no cloak)
rCorr  .         Harm     .     (no gloves)
MR     .....                    (no barding)
Stlth  ..........               r - amulet of the gourmand
                                (no ring)
                                (no ring)

@: starving, very quick
A: hooves 3, deformed body, speed 2, tough skin 3
a: Heroism, Renounce Religion


You were on level 5 of the Dungeon.
You worshipped Okawaru.
Okawaru was aware of your devotion.
You were starving.

You visited 1 branch of the dungeon, and saw 5 of its levels.

You collected 229 gold pieces.

Inventory:

Hand Weapons
 a - a +1 shortbow
 c - a +0 quarterstaff (weapon)
Missiles
 d - 27 arrows
Armour
 l - a +0 plate armour (worn)
Jewellery
 r - an amulet of the gourmand (around neck)
Wands
 g - a wand of iceblast (5/15)
Scrolls
 e - a scroll of teleportation
 h - 2 scrolls of remove curse
 i - 3 scrolls of identify {unknown}
 m - 4 scrolls of enchant armour {unknown}
 n - a scroll of immolation {unknown}
Potions
 b - a potion of brilliance {unknown}
 j - a potion of flight {unknown}
 o - a potion of agility {unknown}
 p - a potion of degeneration {unknown}
 s - a potion of might {unknown}
 t - a potion of curing {unknown}
Comestibles
 f - 6 bread rations
 k - a slice of pizza
 q - 3 beef jerkies


   Skills:
 + Level 2.0 Fighting
 * Level 12.0 Bows
 + Level 0.0 Armour
 + Level 1.3 Dodging
 - Level 0.4 Stealth


You had 6 spell levels left.
You didn't know any spells.

Dungeon Overview and Level Annotations

Branches:
Dungeon (5/15)
 Temple: D:4-7

Altars:
Okawaru
Sif Muna

Shops:
D:4 }


Innate Abilities, Weirdness & Mutations

You have hooves in place of feet.
Armour fits poorly on your strangely shaped body.
You cover ground very quickly.
You have extremely tough skin. (AC +3)


Message History

The crimson imp hits you but does no damage.
You closely miss the crimson imp.
The crimson imp is heavily wounded.
The crimson imp hits you but does no damage. x2
You miss the crimson imp. Your kick misses the crimson imp.
The crimson imp is moderately wounded.
The crimson imp hits you with a whip.
You miss the crimson imp.
The crimson imp is moderately wounded.
The crimson imp laughs crazily.
The crimson imp hits you but does no damage.
You completely miss the crimson imp.
You kick the crimson imp, but do no damage.
The crimson imp is moderately wounded.
The crimson imp zaps a wand.
The bolt of lightning hits you!
* * * LOW HITPOINT WARNING * * *
You closely miss the crimson imp.
The crimson imp is lightly wounded.
The crimson imp zaps a wand.
The bolt of lightning hits you!
You die...

#.####..#..... §§§....#.......
#############§.##..#......
#....##....##.§....#.....#######
#..................#.....#......
#....##............#.....#......
#....##............#.....#......
#....#########+##'##.....'..<...
#....# #.5@.........#######
#....# #......<########.###
#'#### #.......#... #.....
#....## #.......+... #.....
#.....# #.......#... #.....
#....## ##.......#..######.##
#....## #....#+###..##.###.##
#.....# #....#..............#
######## #....#..............#


You could see a crimson imp.

Vanquished Creatures
  Grinder (D:3)
  Sigmund (D:2)
  Menkaure (D:5)
  A phantom (D:4)
  7 adders
  5 gnolls
  A shadow imp (D:5)
  An ooze (D:5)
  An adder skeleton (D:4)
  4 worms
  A dart slug (D:4)
  2 leopard geckos (D:2)
  5 orcs (D:3)
  7 bats
  7 giant cockroaches
  14 goblins
  11 hobgoblins
  3 jackals (D:3)
  A quokka (D:2)
  5 frilled lizards
  5 kobolds
  A rat (D:2)
85 creatures vanquished.

Vanquished Creatures (others)
  An orc wizard (D:5)
  3 orcs (D:5)
4 creatures vanquished.

Grand Total: 89 creatures vanquished

Notes
Turn   | Place    | Note
-------+----------+-------------------------------------------
     0 | D:1      | dobroeutro the Centaur Hunter began the quest for the Orb.
     0 | D:1      | Reached XP level 1. HP: 17/17 MP: 1/1
   233 | D:1      | Reached XP level 2. HP: 15/24 MP: 2/2
   525 | D:2      | Reached skill level 6 in Bows
  1273 | D:2      | Reached XP level 3. HP: 20/29 MP: 3/3
  1384 | D:2      | Noticed Sigmund
  1704 | D:2      | Reached skill level 7 in Bows
  1944 | D:2      | Reached XP level 4. HP: 33/36 MP: 4/4
  2686 | D:2      | Found an iron altar of Okawaru.
  2706 | D:2      | Killed Sigmund
  2706 | D:2      | Reached skill level 9 in Bows
  2706 | D:2      | Reached XP level 5. HP: 29/41 MP: 5/5
  2717 | D:2      | Became a worshipper of Warmaster Okawaru
  2813 | D:2      | Reached XP level 6. HP: 37/48 MP: 5/6
  3108 | D:3      | Noticed Grinder
  3871 | D:3      | Paralysed by Grinder for 5 turns
  3881 | D:3      | Killed Grinder
  3881 | D:3      | Reached * piety under Okawaru
  3881 | D:3      | Reached skill level 10 in Bows
  3881 | D:3      | Reached XP level 7. HP: 22/55 MP: 7/7
  4179 | D:4      | Found a deep blue altar of Sif Muna.
  4211 | D:4      | Reached skill level 11 in Bows
  4233 | D:4      | Found Jompefoa's Gadget Emporium.
  5477 | D:5      | Entered Level 5 of the Dungeon
  5504 | D:5      | Noticed Menkaure
  5511 | D:5      | Killed Menkaure
  5511 | D:5      | Reached skill level 12 in Bows
  5917 | D:5      | Killed from afar by a crimson imp

Skill      XL: |  1  2  3  4  5  6  7 |
---------------+----------------------+-----
Bows           | 6 7 9 10 12 | 12.0
Fighting       | |  2.0
Dodging        | |  1.3
Stealth        | |  0.4

Action                   |  1- 3 |  4- 6 |  7- 9 || total
-------------------------+-------+-------+-------++-------
Melee: Short sword       |   145 |   166 |   241 ||   552
       Kick              |    23 |    28 |    54 ||   105
       Quarterstaff      |       |       |    16 ||    16
 Fire: Shortbow          |     6 |    64 |    53 ||   123
  Use: Potion            |       |     1 |       ||     1
       Scroll            |       |       |     2 ||     2
  Eat: Chunk             |     3 |     5 |     2 ||    10
       Royal jelly       |       |       |     1 ||     1
Armor: Leather armour    |    31 |       |       ||    31
       Plate armour      |    42 |   181 |   178 ||   401
Dodge: Dodged            |    58 |    24 |    19 ||   101
